 Dungeon Crawl Stone Soup version 0.22-a0-99-g1ac4c55 (webtiles) character file.

60 Kavrick the Skirmisher (level 3, -5/29 HPs)
             Began as a Demonspawn Monk on Jan 25, 2018.
             Slain by a worm (11 damage)
             ... on level 2 of the Dungeon.
             The game lasted 00:02:25 (1928 turns).

Kavrick the Skirmisher (Demonspawn Monk)            Turns: 1928, Time: 00:02:25

Health: -5/29      AC:  2    Str: 12    XL:     3   Next: 80%
Magic:  3/3        EV: 13    Int: 11    God:
Gold:   58         SH:  0    Dex: 15    Spells: 2/2 levels left

rFire    . . .     SeeInvis .   a - +0 falchion
rCold    . . .     Gourm    .   (no shield)
rNeg     . . .     Faith    .   b - +0 robe
rPois    .         Spirit   .   (no helmet)
rElec    .         Reflect  .   (no cloak)
rCorr    .         Harm     .   (no gloves)
MR       .....                  (no boots)
Stlth    ++........             (no amulet)
HPRegen  0.09/turn              (no ring)
MPRegen  0.08/turn              (no ring)

@: lethally poisoned (-5 -> -21)
A: hooves 1, sturdy frame 1
a: no special abilities


You were on level 2 of the Dungeon.
You were not hungry.

You visited 1 branch of the dungeon, and saw 2 of its levels.

You collected 58 gold pieces.

Inventory:

Hand Weapons
 a - a +0 falchion (weapon)
Armour
 b - a +0 robe (worn)
Scrolls
 d - 3 scrolls of identify {unknown}
 f - a scroll of random uselessness {unknown}
Potions
 e - a potion of cancellation {unknown}
 h - a potion of curing {unknown}
Comestibles
 c - 2 rations


   Skills:
 + Level 3.4 Fighting
 * Level 3.4 Long Blades
 + Level 1.1 Armour
 + Level 3.1 Dodging
 - Level 1.8 Stealth


You had 2 spell levels left.
You didn't know any spells.

Dungeon Overview and Level Annotations

Branches:
Dungeon (2/15)

Altars:


Innate Abilities, Weirdness & Mutations

You have large cloven feet.
Your movements are slightly less encumbered by armour. (ER -2)


Message History

You are too injured to fight recklessly!
You are too injured to fight recklessly!
You are too injured to fight recklessly!
You are too injured to fight recklessly!
You are too injured to fight recklessly!
You are too injured to fight recklessly!
You are too injured to fight recklessly!
You are too injured to fight recklessly!
You miss the adder. You kick the adder.
The adder is severely wounded.
You feel sick. The adder barely misses you. The adder bites you.
You are more poisoned.
The adder poisons you!
You hit the adder.
You kill the adder!
* * * LOW HITPOINT WARNING * * *
You feel sick.
* * * LOW HITPOINT WARNING * * *
You feel sick. The worm bites you!
You die...

############
#....>w@...#
#.########.#############
###.............#
.................#.#
################...#
##..# #..# #.#####..#
#........#


You could see a worm.

Vanquished Creatures
  2 gnolls (D:1)
  An adder (D:2)
  An ooze (D:2)
  A worm (D:2)
  A leopard gecko (D:1)
  4 goblins
  2 hobgoblins (D:1)
  2 jackals (D:1)
  3 kobolds
  4 bats
  A frilled lizard (D:1)
  3 rats
25 creatures vanquished.

Notes
Turn   | Place    | Note
-------+----------+-------------------------------------------
     0 | D:1      | Kavrick the Demonspawn Monk began the quest for the Orb.
     0 | D:1      | Reached XP level 1. HP: 18/18 MP: 1/1
   549 | D:1      | Gained mutation: Your movements are slightly less encumbered by armour. (ER -2) [demonic ancestry]
   549 | D:1      | Reached XP level 2. HP: 24/24 MP: 2/2
  1425 | D:1      | Gained mutation: You have large cloven feet. [demonic ancestry]
  1425 | D:1      | Reached XP level 3. HP: 2/29 MP: 3/3
  1438 | D:1      | Reached skill level 1 in Armour
  1928 | D:2      | Slain by a worm

Vault maps used:
D:1:      sevenhm_arrival_forest_fort_small_5, minmay_misc_feat_doors,
          nrook_loot_triangle, minmay_misc_feat_room, minivault_27,
          minmay_misc_feat_nine_boxes, minmay_hedge_maze
D:2:      uniq_robin

Skill      XL: |  1  2  3 |
---------------+----------+-----
Long Blades    | 3 |  3.4
Dodging        | 3 |  3.1
Armour         | 1 |  1.1
Fighting       | |  3.4
Stealth        | |  1.8

Action                   || total
-------------------------++-------
Melee: Falchion          ||    96
       Kick              ||     6
  Use: Potion            ||     1
 Stab: Sleeping          ||     5
  Eat: Ration            ||     1
Armor: Robe              ||    15
Dodge: Dodged            ||    59
       Rpst.: Falchion   ||    17

Table legend:
 A = Spawn XP
 B = Non-spawn XP
 C = Spawn XP percentage of total XP
 D = Spawn monster count
 E = Non-spawn monster count
 F = Spawn count percentage of total count
 G = Total turns spent on level
                    A         B        C        D         E        F      G
               +---------+---------+-------+---------+---------+-------+---------
         Total |       0 |      86 |   0.0 |       0 |      25 |   0.0 |  1928
               +---------+---------+-------+---------+---------+-------+---------
           D:1 |       0 |      52 |   0.0 |       0 |      16 |   0.0 |  1596
           D:2 |       0 |      34 |   0.0 |       0 |       9 |   0.0 |   332
               +---------+---------+-------+---------+---------+-------+---------
